 Dungeon Crawl Stone Soup version 0.32-a0-132-g2d33c3cfaf (webtiles) character file.

Game seed: 9964398198924805546

1683 Parakeet the Covert (level 9, -4/73 HPs)
             Began as a Gnoll Delver on Feb 9, 2024.
             Was a Priest of Okawaru.
             Slain by a +0 quarterstaff of chaos (14 damage)
             ... on level 7 of the Dungeon.
             The game lasted 00:12:34 (6737 turns).

Parakeet the Covert (Gnoll Delver)                  Turns: 6737, Time: 00:12:34

Health: -4/73      AC: 13    Str: 22    XL:     9   Next: 2%
Magic:  14/14      EV:  9    Int:  8    God:    Okawaru [***...]
Gold:   304        SH:  0    Dex: 17    Spells: 15/15 levels left

rFire   . . .        a - -3 eveningstar
rCold   . . .        (no shield)
rNeg    + . .        i - +0 plate armour
rPois   .            (helmet restricted)
rElec   .            u - +1 cloak
rCorr   .            (no gloves)
SInv    .            (no boots)
Will    .....        C - amulet of faith Stlth
                     r - +6 ring of strength
HPRegen 0.32/turn    A - ring of positive energy
MPRegen 0.14/turn

%: faith
@: hasted, very quick
A: fangs 1, strong nose, distributed training, antennae 1, agile 1, teleportitis
1
a: Renounce Religion, Heroism


You were on level 7 of the Dungeon.
You worshipped Okawaru.
Okawaru was most pleased with you.
You visited 2 branches of the dungeon, and saw 8 of its levels.

You collected 306 gold pieces.
You spent 2 gold pieces at shops.

Inventory:

Hand Weapons
 a - a -3 eveningstar (weapon)
 b - a +0 shortbow
 G - a -2 executioner's axe
Missiles
 n - 4 boomerangs (quivered)
 v - 6 atropa-tipped darts
Armour
 i - a +0 plate armour (worn)
 u - a +1 cloak (worn)
Jewellery
 q - a ring of resist corrosion
 r - a +6 ring of strength (left hand)
 s - a ring of magical power
 A - a ring of positive energy (right hand)
 C - an amulet of faith (around neck)
 E - a ring of fire
Wands
 f - a wand of digging (8)
 w - a wand of flame (53)
 D - a wand of polymorph (6)
Scrolls
 c - a scroll of revelation
 d - a scroll of fear
 h - a scroll of noise {unknown}
 m - 7 scrolls of identify {unknown}
 o - a scroll of amnesia {unknown}
 p - a scroll of butterflies {unknown}
 t - a scroll of teleportation {unknown}
 y - a scroll of blinking {unknown}
 z - a scroll of vulnerability {unknown}
 H - 6 scrolls of fog
Potions
 e - 2 potions of haste
 g - a potion of lignification
 j - a potion of enlightenment {unknown}
 k - a potion of cancellation {unknown}
 l - a potion of degeneration {unknown}
 x - a potion of mutation
 B - a potion of heal wounds {unknown}
 F - a potion of might {unknown}


   Skills:
 + Level 7.7 Fighting
 + Level 3.9 Short Blades
 + Level 3.9 Long Blades
 + Level 3.9 Axes
 + Level 3.9 Maces & Flails
 + Level 3.9 Polearms
 + Level 3.9 Staves
 + Level 3.9 Ranged Weapons
 + Level 3.9 Throwing
 + Level 3.9 Armour
 + Level 6.1 Dodging
 + Level 10.4 Stealth
 + Level 3.9 Shields
 + Level 6.1 Unarmed Combat
 + Level 3.9 Spellcasting
 + Level 3.2 Conjurations
 + Level 3.2 Hexes
 + Level 3.2 Summonings
 + Level 3.2 Necromancy
 + Level 3.2 Translocations
 + Level 3.2 Fire Magic
 + Level 3.2 Ice Magic
 + Level 3.2 Air Magic
 + Level 3.2 Earth Magic
 + Level 3.2 Alchemy
 + Level 4.3 Invocations
 + Level 3.9 Evocations
 + Level 3.5 Shapeshifting


You had 15 spell levels left.
You didn't know any spells.
Your spell library contained the following spells:

 Spells                   Type           Power      Damage    Failure   Level
 Magic Dart               Conj           24%        1d4       86%         1
 Blink                    Tloc           12%        N/A       94%         2
 Lesser Beckoning         Tloc           12%        N/A       94%         2
 Momentum Strike          Conj/Tloc      12%        3d8       94%         2
 Searing Ray              Conj           12%        2d4       94%         2
 Dazzling Flash           Conj/Hex       12%        N/A       99%         3
 Inner Flame              Hex/Fire       6%         N/A       99%         3
 Volatile Blastmotes      Fire/Tloc      12%        2d11      99%         3
 Brom's Barrelling Bould  Conj/Erth      6%         2d3       100%        4
 Flame Wave               Conj/Fire      6%         2d5       100%        4
 Fulminant Prism          Conj/Alch      3%         3d5       100%        4
 Sticky Flame             Fire/Alch      6%         2d4       100%        4
 Fireball                 Conj/Fire      3%         3d4       100%        5
 Iskenderun's Battlesphe  Conj           6%         2d6       100%        5
 Conjure Ball Lightning   Conj/Air       3%         3x3d6     100%        6
 Starburst                Conj/Fire      3%         6d3       100%        6
 Orb of Destruction       Conj           3%         9d5       100%        7
 Maxwell's Capacitive Co  Air            3%         ∞         100%        8
 Call Imp                 Summ           Unusable   N/A       N/A         2

Dungeon Overview and Level Annotations

Branches:
Dungeon (7/15)             Temple (1/1) D:4

Altars:
Dithmenos
Elyvilon
Fedhas
Gozag
Hepliaklqana
Kikubaaqudgha
Nemelex Xobeh
Okawaru
Qazlal
Ru
Sif Muna
Trog
Wu Jian
Xom
Yredelemnul
The Shining One

Shops:
D:6 *

Annotations:
D:7 lis82's ghost, novice DgIE


Innate Abilities, Weirdness & Mutations

You have very sharp teeth.
Your uncanny sense of smell can sniff out nearby items.
Your experience applies equally to all skills.
You have a pair of small antennae on your head.
You are agile. (Dex +4, Str/Int -1)
You are occasionally teleported next to monsters.


Message History

No target in view!
No target in view!
No target in view!
No target in view!
No target in view!
You see here a +1 dagger of venom.
You now have 304 gold pieces (gained 16).
You see here 2 stones.
There is an escape hatch in the ceiling here.
Found a stone staircase leading down.
Found a bardiche.
Found a shimmering altar of Xom.
Found a runed translucent door.
Lis82's ghost shouts, "You will join me soon!"
You see here a +0 flail.
Found a whip.
You see here a +0 whip.
You see here a +0 flail.
Done exploring.
Done exploring.
No target in view!
Done exploring.
Lis82's ghost turns its malevolent gaze towards you.
Lis82's ghost shouts, "What do you have that I didn't have?"
You open the door.
Lis82's ghost mumbles some strange words.
The +0 quarterstaff of chaos hits you!
The +0 quarterstaff of chaos attacks as it pursues you!
The +0 quarterstaff of chaos hits you!!
You fall asleep.
The +0 quarterstaff of chaos hits you!!
You wake up.
* * * LOW HITPOINT WARNING * * *
You feel yourself speed up.
The ice beast hits you but does no damage.
The +0 quarterstaff of chaos attacks as it pursues you!
The +0 quarterstaff of chaos barely misses you.
It was a potion of mutation.
You feel extremely strange.
You feel weirdly uncertain.
You feel agile. A pair of antennae grows on your head!
The +0 quarterstaff of chaos hits you!
You die...

#.#####.#### #.#.....#...
######################.#.#####.##
.................................
####################.....#####.#.
#############..#####.....##....#.
.........##.#......###.#.##....#.
##########._'.Y(##.....#.......#.
##.#..#@#.....#.#.......
#############..##.....#.#.#.....#
(..........#####.#.....#.#.......
...#.......# ##.#.#.#.#.#...#.#
...#.......# #^#.#.#.#.#.#.#.#.
.<.#.......# ##.#.#.#÷#.#.#.#.#
#.##.......## #.#.#.#.#...#.#.#.
...........(# #....#.#.....#.#.#
..##..##....# #.....#.#...#.....


You could see an ice beast (summoned) and a +0 quarterstaff of chaos.

Vanquished Creatures
  A golden eye (D:7)
  A sky beast (D:7)
  A black bear (D:4)
  3 ogres
  A centaur (D:7)
  A phantom (D:4)
  2 bullfrogs
  2 scorpions
  2 howler monkeys
  3 hounds
  A bombardier beetle (D:6)
  A gnoll bouda (D:6)
  Jessica (D:3)
  Natasha (thrice) (D:2)
  5 iguanas
  A sleepcap (D:6)
  An orc wizard (D:4)
  8 gnolls
  6 adders
  2 ufetubi (D:7)
  A ribbon worm (D:2)
  11 orcs
  3 bats
  5 endoplasms
  3 giant cockroaches
  5 goblins
  9 hobgoblins
  10 jackals
  6 quokkas
  4 ball pythons
  3 frilled lizards
  4 kobolds
  6 rats (D:1)
116 creatures vanquished.

Notes
Turn   | Place    | Note
-------+----------+-------------------------------------------
     0 | D:5      | Reached skill level 9 in Stealth
     0 | D:5      | Parakeet the Gnoll Delver began the quest for the Orb.
     0 | D:5      | Reached XP level 1. HP: 23/23 MP: 1/1
    56 | D:5      | Found a sparkling altar of Nemelex Xobeh.
    79 | D:5      | Noticed an iguana
    85 | D:5      | Killed an iguana
    86 | D:5      | Reached XP level 2. HP: 15/29 MP: 2/2
    86 | D:5      | Reached XP level 3. HP: 19/35 MP: 3/3
   267 | D:4      | Found a staircase to the Ecumenical Temple.
   276 | Temple   | Entered the Ecumenical Temple
   299 | Temple   | Became a worshipper of Warmaster Okawaru
   307 | D:4      | Noticed a scorpion
   325 | D:4      | Reached skill level 1 in Invocations
   337 | D:4      | Reached skill level 1 in Short Blades
   337 | D:4      | Reached skill level 1 in Long Blades
   337 | D:4      | Reached skill level 1 in Axes
   337 | D:4      | Reached skill level 1 in Maces & Flails
   337 | D:4      | Reached skill level 1 in Polearms
   337 | D:4      | Reached skill level 1 in Staves
   337 | D:4      | Reached skill level 1 in Ranged Weapons
   337 | D:4      | Reached skill level 1 in Throwing
   337 | D:4      | Reached skill level 1 in Armour
   337 | D:4      | Reached skill level 1 in Shields
   337 | D:4      | Reached skill level 1 in Spellcasting
   337 | D:4      | Reached skill level 1 in Evocations
   341 | D:4      | Reached skill level 1 in Shapeshifting
   341 | D:4      | Reached XP level 4. HP: 21/41 MP: 5/5
   491 | D:2      | Noticed Natasha
   511 | D:2      | Killed Natasha
   512 | D:2      | Reached skill level 1 in Conjurations
   512 | D:2      | Reached skill level 1 in Hexes
   512 | D:2      | Reached skill level 1 in Summonings
   512 | D:2      | Reached skill level 1 in Necromancy
   512 | D:2      | Reached skill level 1 in Translocations
   512 | D:2      | Reached skill level 1 in Fire Magic
   512 | D:2      | Reached skill level 1 in Ice Magic
   512 | D:2      | Reached skill level 1 in Air Magic
   512 | D:2      | Reached skill level 1 in Earth Magic
   512 | D:2      | Reached skill level 1 in Alchemy
   554 | D:2      | Noticed Natasha
   565 | D:2      | Killed Natasha
   566 | D:2      | Reached XP level 5. HP: 13/47 MP: 5/7
  1448 | D:1      | You fall into a shaft and drop 1 floor!
  1538 | D:2      | Noticed Natasha
  1545 | D:2      | Killed Natasha
  2242 | D:3      | Reached skill level 5 in Dodging
  2242 | D:3      | Reached skill level 5 in Unarmed Combat
  2242 | D:3      | Reached XP level 6. HP: 53/53 MP: 8/8
  2390 | D:3      | Noticed Jessica
  2399 | D:3      | Killed Jessica
  2697 | D:3      | Found a bloodstained altar of Trog.
  2879 | D:4      | Reached * piety under Okawaru
  2966 | D:4      | Reached XP level 7. HP: 60/60 MP: 10/10
  3507 | D:4      | Reached skill level 10 in Stealth
  4061 | D:5      | Found an ornate altar of the Wu Jian Council.
  4067 | D:5      | Found a shimmering altar of Xom.
  4172 | D:5      | Reached XP level 8. HP: 26/67 MP: 12/12
  4904 | D:6      | Reached ** piety under Okawaru
  5021 | D:6      | Found Pakkiaz's Lightly-Used Armoury.
  5061 | D:6      | HP: 5/100 [gnoll/+0 flail[a gnoll bouda] (4)]
  5266 | D:6      | Bought a -2 executioner's axe for 1 gold piece
  5267 | D:6      | Bought a -3 eveningstar for 1 gold piece
  6027 | D:7      | Reached *** piety under Okawaru
  6065 | D:7      | Noticed a hornet
  6075 | D:7      | Paralysed by a hornet for 1 turns
  6079 | D:7      | a hornet changed into a golden eye
  6098 | D:7      | Reached XP level 9. HP: 21/73 MP: 14/14
  6519 | D:7      | Found a runed translucent door.
  6519 | D:7      | Found a shimmering altar of Xom.
  6519 | D:7      | Noticed lis82's ghost (novice DgIE)
  6520 | D:7      | Noticed a +0 quarterstaff of chaos
  6737 | D:7      | Gained mutation: You are occasionally teleported next to
                  | monsters. [potion of mutation]
  6737 | D:7      | Gained mutation: You are agile. (Dex +4, Str/Int -1)
                  | [potion of mutation]
  6737 | D:7      | Gained mutation: You have a pair of small antennae on your
                  | head. [potion of mutation]
  6737 | D:7      | Slain by a +0 quarterstaff of chaos

Illustrated notes

Levels and vault maps discovered:
D:1:      eino_arrival_water_star, layout_basic
D:2:      layout_loops_ring, uniq_natasha
D:3:      layout_loops_ring, trog_butcher_becter, uniq_jessica
D:4:      minmay_door_path, layout_basic, temple_doors_e, grunt_ministairs_1,
          st_stairs_8
D:5:      layout_basic, lemuel_tele_altar, mainiacjoe_overflow_catch_the_wave,
          nrook_uturn
D:6:      layout_gridville, minmay_shop_damaged
D:7:      layout_basic, ebering_ghost_xom
Temple:   nicolae_temple_ecumenical_triangle

Skill      XL: |  1  2  3  4  5  6  7  8 |
---------------+-------------------------+-----
Stealth        | 10 | 10.4
Invocations    | 1 2 3 4 |  4.3
Short Blades   | 1 2 3 |  3.9
Long Blades    | 1 2 3 |  3.9
Axes           | 1 2 3 |  3.9
Maces & Flails | 1 2 3 |  3.9
Polearms       | 1 2 3 |  3.9
Staves         | 1 2 3 |  3.9
Ranged Weapons | 1 2 3 |  3.9
Throwing       | 1 2 3 |  3.9
Armour         | 1 2 3 |  3.9
Shields        | 1 2 3 |  3.9
Spellcasting   | 1 2 3 |  3.9
Evocations     | 1 2 3 |  3.9
Shapeshifting  | 1 2 3 |  3.5
Conjurations   | 1 2 3 |  3.2
Hexes          | 1 2 3 |  3.2
Summonings     | 1 2 3 |  3.2
Necromancy     | 1 2 3 |  3.2
Translocations | 1 2 3 |  3.2
Fire Magic     | 1 2 3 |  3.2
Ice Magic      | 1 2 3 |  3.2
Air Magic      | 1 2 3 |  3.2
Earth Magic    | 1 2 3 |  3.2
Alchemy        | 1 2 3 |  3.2
Dodging        | 5 6 |  6.1
Unarmed Combat | 5 6 |  6.1
Fighting       | 7 |  7.7

Action                     |  1- 3 |  4- 6 |  7- 9 || total
---------------------------+-------+-------+-------++-------
  Melee: Unarmed           |    33 |   227 |   154 ||   414
         Bite              |     4 |    14 |    26 ||    44
         Punch             |       |     9 |    15 ||    24
         Eveningstar       |       |       |    67 ||    67
   Fire: Sling             |       |    17 |       ||    17
         Shortbow          |       |       |    15 ||    15
  Throw: Boomerang         |       |     4 |       ||     4
         Dart              |       |       |     3 ||     3
 Invoke: Heroism           |       |       |     1 ||     1
  Evoke: Wand              |       |       |     1 ||     1
    Use: Potion            |       |       |     5 ||     5
   Stab: Sleeping          |     1 |       |       ||     1
 Armour: Leather armour    |     2 |       |       ||     2
         Plate armour      |    22 |   187 |   262 ||   471
         Skin              |       |       |    10 ||    10
  Dodge: Dodged            |    11 |    60 |   102 ||   173

Table legend: (Time is in decaauts)
 A = Elapsed time spent in this place.
 B = Non-inter-level travel time spent in this place.
 C = Inter-level travel time spent in this place.
 D = Time resting spent in this place.
 E = Time spent auto-exploring this place.
 F = Levels seen in this place.
 G = Mean time per level.
                   A        B        C        D        E       F      G
               +--------+--------+--------+--------+--------+-----+--------+
         Total |   6728 |   6491 |    237 |      0 |   5480 |   8 |  841.0 |
       Dungeon |   6700 |   6463 |    237 |      0 |   5480 |   7 |  957.1 |
        Temple |     28 |     28 |      0 |      0 |      0 |   1 |   28.0 |
               +--------+--------+--------+--------+--------+-----+--------+

Top non-repeatable levels by time:
     D:4: 1401 daAuts
     D:6: 1043 daAuts
     D:5: 952 daAuts
     D:7: 921 daAuts
     D:2: 901 daAuts
     D:3: 750 daAuts
     D:1: 730 daAuts
  Temple: 28 daAuts
